 Dungeon Crawl Stone Soup version 0.24.0-123-gd5b16e6ec5 (webtiles) character file.

Game seed: 10050590554576448774, levelgen mode: deterministic

58332 FishyPogo the Fighter (level 14, -8/120 HPs)
             Began as a Merfolk Chaos Knight on Dec 24, 2019.
             Was a Plaything of Xom.
             Mangled by a tyrant leech (24 damage)
             ... on level 3 of the Lair of Beasts on Dec 26, 2019.
             The game lasted 01:56:24 (18101 turns).

FishyPogo the Fighter (Merfolk Chaos Knight)       Turns: 18101, Time: 01:56:25

Health: -8/120     AC: 16    Str: 17      XL:     14   Next: 90%
Magic:  19/22      EV: 23    Int: 11      God:    Xom [*.....]
Gold:   1200       SH:  0    Dex: 14 (15) Spells: 9/17 levels left

rFire    + + +     SeeInvis +   a - +9 staff of Olgreb {rPois}
rCold    x . .     Gourm    .   (no shield)
rNeg     . . .     Faith    .   Q - +1 ring mail of Sunlight {rElec rF+ Dex-3 SInv}
rPois    ∞         Spirit   .   x - +1 helmet
rElec    +         Reflect  .   s - +2 cloak {+Inv}
rCorr    .         Harm     .   i - +2 pair of gloves
MR       +....                  (boots currently unavailable)
Stlth    ++........             U - amulet of magic regeneration
HPRegen  0.30/turn              j - ring of fire
MPRegen  0.43/turn              C - ring "Hoplutz" {*Slow rPois rF+ Dex+4 Slay+3}

@: very quick
A: change form in water, swift swim, stealthy swim
a: Renounce Religion, Evoke Invisibility


You were on level 3 of the Lair of Beasts.
You worshipped Xom.
You were a special plaything of Xom.
You were very hungry.

You visited 3 branches of the dungeon, and saw 21 of its levels.
You visited the Abyss 1 time.
You also visited: Sewer.

You collected 1200 gold pieces.

Inventory:

Hand Weapons
 a - the +9 staff of Olgreb (weapon) {rPois}
   (You found it on level 8 of the Dungeon)

   It protects you from poison.
 b - the +5 scythe "Finisher" {speed, eviscerate}
   (You found it on level 9 of the Dungeon)

   Attacks with this weapon are significantly faster.
Missiles
 k - 5 throwing nets
 l - 3 javelins
 z - 15 boomerangs (quivered)
 N - 12 curare-tipped darts
Armour
 i - a +2 pair of gloves (worn)
 r - a scarf of resistance
 s - a +2 cloak of invisibility (worn)
 x - a +1 helmet (worn)
 O - the +0 pair of boots of Puxyekk (melded) {Dex+3 Slay+5}
   (You found it on level 8 of the Dungeon)

   It affects your dexterity (+3).
   It affects your accuracy and damage with ranged weapons and melee attacks
   (+5).
 Q - the +1 ring mail of Sunlight (worn) {rElec rF+ Dex-3 SInv}
   (You found it on level 11 of the Dungeon)

   It affects your dexterity (-3).
   It protects you from fire.
   It insulates you from electricity.
   It lets you see invisible.
 Y - the +1 leather armour of the Equinox {MR++ Stlth+}
   (You found it on level 1 of the Lair of Beasts)

   It affects your resistance to hostile enchantments.
   It makes you more stealthy.
Jewellery
 j - a ring of fire (left hand)
 p - an uncursed amulet of rage
 A - an uncursed ring of positive energy
 C - the ring "Hoplutz" (right hand) {*Slow rPois rF+ Dex+4 Slay+3}
   (You found it in a sewer)

   [ring of protection from fire]

   It affects your dexterity (+4).
   It affects your accuracy and damage with ranged weapons and melee attacks
   (+3).
   It protects you from fire.
   It protects you from poison.
   It may slow you when you take damage.
 I - an uncursed ring of wizardry
 K - an uncursed ring of flight
 U - an amulet of magic regeneration (around neck)
 V - an uncursed ring of resist corrosion
Wands
 y - a wand of disintegration (18)
 J - a wand of flame (19)
 L - a wand of paralysis (22)
 M - a wand of acid (9)
 W - a wand of scattershot (2)
Scrolls
 e - 4 scrolls of enchant weapon
 f - 2 scrolls of teleportation
 g - a scroll of random uselessness
 h - 8 scrolls of identify
 n - 7 scrolls of remove curse
 o - 3 scrolls of blinking
 v - 2 scrolls of amnesia
 G - a scroll of immolation
 S - 2 scrolls of enchant armour
Potions
 d - 3 potions of heal wounds
 m - 4 potions of lignification
 q - 2 potions of cancellation
 t - 4 potions of agility
 u - 8 potions of curing
 w - 5 potions of flight
 B - 2 potions of brilliance
 D - 2 potions of haste
 E - 2 potions of might
 H - 2 potions of ambrosia
 P - a potion of mutation
 R - 4 potions of magic
 T - a potion of invisibility
 X - a potion of resistance
Comestibles
 c - 48 rations


   Skills:
 + Level 14.2 Fighting
 - Level 13.6(14.0) Polearms
 - Level 2.8(6.0) Staves
 - Level 5.0 Throwing
 * Level 7.7 Armour
 - Level 13.0 Dodging
 - Level 2.0 Spellcasting
 - Level 2.0 Hexes
 - Level 6.0 Charms
 * Level 11.6 Evocations


You had 9 spell levels left.
You knew the following spells:

 Your Spells              Type           Power        Failure   Level  Hunger
h - Regeneration          Chrm/Necr      #.........   38%         3    ####...
n - Spectral Weapon       Hex/Chrm       #.......     28%         3    ####...
p - Shroud of Golubria    Chrm/Tloc      #.....       22%         2    ###....

Your spell library contained the following spells:

 Spells                   Type           Power        Failure   Level  Hunger
 Infusion                 Chrm           ##..         4%          1    ##.....
 Song of Slaying          Chrm           ##......     6%          2    ###....
 Corona                   Hex            #......      22%         1    ##.....
 Sandblast                Erth           #.....       43%         1    ##.....
 Summon Butterflies       Summ           #.......     43%         1    ##.....
 Summon Small Mammal      Summ           #...         43%         1    ##.....
 Ensorcelled Hibernation  Hex/Ice        #.....       43%         2    ###....
 Confuse                  Hex            #.......     54%         3    ####...
 Tukima's Dance           Hex            #.......     54%         3    ####...
 Call Imp                 Summ           #.......     58%         2    ###....
 Passwall                 Tmut/Erth      #.......     58%         2    ###....
 Sublimation of Blood     Necr           #.........   58%         2    ###....
 Dazzling Spray           Conj/Hex       #.....       67%         3    ####...
 Summon Guardian Golem    Hex/Summ       #.......     67%         3    ####...
 Call Canine Familiar     Summ           #.......     82%         3    ####...
 Conjure Flame            Conj/Fire      #.......     82%         3    ####...
 Ignite Poison            Fire/Tmut/Pois #.......     82%         3    ####...
 Stone Arrow              Conj/Erth      #.....       82%         3    ####...
 Petrify                  Tmut/Erth      #.......     99%         4    #####..
 Sticky Flame             Conj/Fire      #.......     99%         4    #####..
 Summon Ice Beast         Ice/Summ       #.......     99%         4    #####..
 Summon Lightning Spire   Summ/Air       #.......     99%         4    #####..
 Alistair's Intoxication  Tmut/Pois      #.......     100%        5    ######.
 Aura of Abjuration       Summ           #.........   100%        5    ######.
 Bolt of Magma            Conj/Fire/Erth #.........   100%        5    ######.
 Borgnjor's Vile Clutch   Necr/Erth      #.........   100%        5    ######.
 Irradiate                Conj/Tmut      #.........   100%        5    ######.
 Lee's Rapid Deconstruct  Erth           #.........   100%        5    ######.
 Ignition                 Fire           #.........   100%        8    #######


Dungeon Overview and Level Annotations

Branches:
Dungeon (14/15)            Temple (0/1) D:4            Lair (6/6) D:9
  Swamp (1/4) Lair:3        Snake (0/4) Lair:2        Slime (0/5) Lair:5
    Orc (0/2) D:12          Sewer (visited)
 Vaults: D:13-14

Altars:
Fedhas
Makhleb
Nemelex Xobeh
Qazlal
Sif Muna
Trog
Xom
Jiyva

Shops:
D:5 }   D:7 ?   D:9 =   D:10 *

Annotations:
Lair:1 exclusion: 2 oklob plants


Message History

You sock the tyrant leech!
The tyrant leech looks as sick as possible!
The tyrant leech is heavily wounded.
The tyrant leech closely misses you.
You begin to radiate toxic energy.
The tyrant leech looks as sick as possible!
You feel slightly more hungry.
The tyrant leech looks as sick as possible!
You closely miss the tyrant leech.
The tyrant leech is heavily wounded.
The tyrant leech barely misses you.
You closely miss the tyrant leech.
The tyrant leech is severely wounded.
The tyrant leech looks as sick as possible!
The tyrant leech misses you.
You miss the tyrant leech. You tail-slap the tyrant leech!
The tyrant leech is almost dead.
Your toxic aura wanes.
The tyrant leech bites you!!
You die...

.#....§§§§.# ##..## ..###..###.##
#...# ..###..#....# #..##
........#...## ##.##
.............###### ##..## #####
...............##.###....####P..#
...............P#................
...............w................#
........>.......@≈≈≈≈...........#
.........P......≈≈.≈≈≈....####..#
...##..........≈.≈≈.≈...#.P..#...
.................≈≈......>......#
..............≈..≈..≈.♣.........#
.................≈.≈≈≈...........
.....<.......≈≈.≈≈≈≈..≈....###...
.PP.#.......#.≈≈≈≈≈≈#.....P###...
.........#.P#≈♣..≈≈.≈.≈.....##..#


You could see a tyrant leech.

Vanquished Creatures
  The ghost of Peloso the Peltast, a journeyman MiFi of Okawaru (Lair:6)
  2 entropy weavers (Lair:5)
  The ghost of kuniqs the Eclecticist, a journeyman DEWz of Vehumet (Lair:6)
  Harold (D:7)
  A queen ant (Lair:5)
  A merfolk avatar (Lair:6)
  Erica (D:8)
  5 two-headed ogres
  2 tengu warriors
  A shock serpent (Lair:3)
  2 sea snakes
  A harpy (Lair:6)
  3 ugly things
  3 cyclopes
  A manticore (D:10)
  13 elephants
  4 black mambas
  Psyche (D:8)
  3 rime drakes
  A gargoyle (D:13)
  10 spiny frogs
  8 komodo dragons
  3 meliai (D:14)
  A tengu conjurer (D:13)
  5 trolls
  7 polar bears
  4 hornets
  16 blink frogs
  A meliai zombie (D:13)
  15 hippogriffs
  2 wyverns (Lair:6)
  Sigmund (D:4)
  A vampire (D:12)
  25 yaks
  4 hungry ghosts
  3 wraiths (D:9)
  A hog (D:7)
  A golden eye (Lair:4)
  7 basilisks
  A chaos spawn (Abyss:3)
  2 acid dragons
  12 soldier ants (Lair:5)
  A spatial vortex (Lair:6)
  5 water moccasins
  2 porcupines
  A black bear (D:11)
  3 orc warriors
  An eye of draining (Lair:5)
  4 ice beasts
  3 phantoms
  6 ogres
  20 wolves
  8 centaurs
  10 crocodiles
  15 bullfrogs
  4 big kobolds
  2 wyvern zombies
  6 scorpions
  4 troll zombies (D:12)
  9 killer bees
  9 wights
  An electric eel (D:8)
  2 howler monkeys (D:7)
  3 jellies
  9 crimson imps
  4 centaur zombies
  2 bullfrog zombies (D:6)
  A bullfrog skeleton (D:8)
  9 orc wizards
  3 hounds
  4 orc priests
  Crazy Yiuf (D:7)
  A centaur skeleton (D:9)
  29 worker ants
  4 iguanas
  A killer bee zombie (D:8)
  4 ogre zombies (D:12)
  3 hound skeletons
  5 worker ant zombies
  A howler monkey zombie (D:7)
  Robin (D:4)
  10 gnolls
  11 adders
  A shadow imp (D:13)
  An ooze (D:4)
  3 adder zombies
  An adder skeleton (D:7)
  A worm (D:5)
  3 dart slugs
  2 leopard geckos
  38 orcs
  8 bats
  12 giant cockroaches
  16 goblins
  10 hobgoblins
  7 jackals
  22 kobolds
  6 quokkas
  5 ball pythons
  10 frilled lizards
  5 goblin zombies (D:12)
  A hobgoblin skeleton (D:12)
  5 hobgoblin zombies (D:12)
  2 jackal zombies (D:6)
  2 orc skeletons (D:12)
  12 orc zombies (D:12)
  A quokka zombie (D:6)
  2 rats (D:1)
  A bush (D:7)
577 creatures vanquished.

Vanquished Creatures (collateral kills)
  2 hydras (Swamp:1)
  A deep elf mage (D:8)
  An ugly thing (D:8)
  3 yaks
  2 hogs (D:7)
  A human (D:7)
  A hungry ghost (D:8)
  A phantom (D:7)
  An ogre (D:8)
  A bullfrog skeleton (D:8)
  A jelly (D:7)
  An orc priest (D:7)
  Terence (D:3)
  2 orc wizards (D:7)
  A gnoll (D:7)
  A leopard gecko (D:8)
  A hobgoblin (D:4)
  A jackal (D:7)
23 creatures vanquished.

Vanquished Creatures (others)
  An ogre (D:4)
  An adder (Sewer)
  A plant (Lair:4)
  2 spectral weapons
  4 starspawn tentacles (Abyss:3)
  2 withered plants (Lair:6)
11 creatures vanquished.

Grand Total: 611 creatures vanquished

Notes
Turn   | Place    | Note
-------+----------+-------------------------------------------
     0 | D:1      | FishyPogo the Merfolk Chaos Knight began the quest for the
                  | Orb.
     0 | D:1      | Reached XP level 1. HP: 18/18 MP: 1/1
    90 | D:1      | Reached XP level 2. HP: 24/24 MP: 2/2
   207 | D:1      | Reached skill level 1 in Armour
   239 | D:1      | Reached XP level 3. HP: 28/30 MP: 3/3
   260 | D:1      | XOM: harmless Erth miscast
   307 | D:1      | XOM: potion effect (agility)
   316 | D:1      | Reached skill level 4 in Fighting
   933 | D:2      | XOM: mild Air miscast
   934 | D:2      | XOM: 5-stop teleportation journey
  1082 | D:2      | Reached XP level 4. HP: 36/37 MP: 4/4
  1121 | D:2      | Reached skill level 5 in Polearms
  1566 | D:3      | Reached skill level 1 in Throwing
  1566 | D:3      | Reached XP level 5. HP: 43/43 MP: 5/5
  1698 | D:3      | XOM: scenery: create altars
  1724 | D:3      | Noticed Terence
  1737 | D:3      | XOM: confuse monster(s)
  1754 | D:3      | Killed Terence
  1780 | D:3      | Reached skill level 5 in Fighting
  2146 | D:3      | Noticed a hippogriff
  2175 | D:3      | XOM: confuse monster(s)
  2362 | D:3      | Killed a hippogriff
  2362 | D:3      | Reached XP level 6. HP: 27/51 MP: 6/6
  2878 | D:4      | Found a staircase to the Ecumenical Temple.
  2929 | D:4      | XOM: medium Tloc miscast
  2945 | D:4      | Reached XP level 7. HP: 30/57 MP: 7/7
  3288 | D:3      | Found a faded altar of an unknown god.
  3459 | D:4      | XOM: butterfly on damage
  3464 | D:4      | XOM: enchant monster (good)
  3471 | D:4      | Noticed Robin
  3476 | D:4      | Reached skill level 6 in Fighting
  3487 | D:4      | Killed Robin
  3490 | D:4      | Reached skill level 5 in Dodging
  3548 | D:4      | XOM: 1-stop teleportation journey
  3573 | D:4      | XOM: enchant monster (bad)
  3574 | D:4      | XOM: enchant monster (bad)
  3576 | D:4      | XOM: god gift: 40 gold pieces
  3620 | D:4      | Noticed Sigmund
  3638 | D:4      | Killed Sigmund
  3638 | D:4      | Reached XP level 8. HP: 65/65 MP: 8/8
  3670 | D:4      | Found a bloodstained altar of Trog.
  3670 | D:4      | Found a faded altar of an unknown god.
  3675 | D:4      | Found a sparkling altar of Nemelex Xobeh.
  3680 | D:4      | Found a stormy altar of Qazlal.
  3681 | D:4      | Found a faded altar of an unknown god.
  3854 | D:4      | XOM: mild Necr miscast
  3979 | D:5      | Entered Level 5 of the Dungeon
  4006 | D:5      | Found Hesch's Gadget Emporium.
  4082 | D:5      | XOM: summons 4 hostile demons
  4260 | D:5      | Found a blossoming altar of Fedhas.
  4478 | D:5      | XOM: harmless Fire miscast
  4687 | D:6      | XOM: stealth player
  4691 | D:6      | Found a burning altar of Makhleb.
  4691 | D:6      | Found a shimmering altar of Xom.
  4708 | D:6      | Reached skill level 7 in Fighting
  4722 | D:6      | Found a glowing drain.
  4733 | Sewer    | Entered a sewer
  4909 | Sewer    | XOM: polymorph bullfrog -> killer bee
  4947 | Sewer    | Got a shimmering lead ring
  4949 | Sewer    | Identified the ring "Hoplutz" {*Slow rPois rF+ Dex+4
                  | Slay+3} (You found it in a sewer)
  4965 | D:6      | XOM: mild Fire miscast
  5006 | D:6      | XOM: confusion (+ monsters)
  5137 | D:6      | XOM: chaos upgrade
  5257 | D:6      | Reached XP level 9. HP: 72/74 MP: 9/9
  5265 | D:6      | XOM: swap monsters
  5271 | D:6      | XOM: enchant monster (good)
  5275 | D:6      | Reached skill level 8 in Fighting
  5333 | D:6      | Found a shimmering blue altar of Sif Muna.
  5664 | D:7      | XOM: god gift: robe {god gift}
  5685 | D:7      | XOM: cleaving
  5697 | D:7      | XOM: scenery: create altars
  5700 | D:7      | XOM: summons 9 friendly demons
  5736 | D:7      | XOM: harmless Summ miscast
  5749 | D:7      | Found Xekusin's Magic Scroll Emporium.
  5778 | D:7      | XOM: enchant monster (bad)
  5844 | D:7      | Reached skill level 9 in Fighting
  5847 | D:7      | XOM: summons 3 friendly demons
  5879 | D:7      | Reached skill level 5 in Throwing
  5930 | D:7      | Noticed Harold
  5949 | D:7      | XOM: divination: detect items
  5965 | D:7      | Killed Harold
  5965 | D:7      | Reached skill level 10 in Fighting
  5965 | D:7      | Reached XP level 10. HP: 32/85 MP: 10/10
  6111 | D:7      | Learned a level 2 spell: Shroud of Golubria
  6255 | D:7      | XOM: cloud trail
  6295 | D:7      | Found a runed translucent door.
  6296 | D:7      | Noticed Crazy Yiuf
  6309 | D:7      | Killed Crazy Yiuf
  6363 | D:8      | Found the +9 staff of Olgreb {rPois}
  6433 | D:8      | XOM: swap monsters
  6580 | D:8      | XOM: god gift: 15 sling bullets
  6593 | D:8      | Reached skill level 1 in Evocations
  6610 | D:8      | Noticed Erica
  6626 | D:8      | XOM: noise
  6632 | D:8      | Killed Erica
  6632 | D:8      | Reached skill level 10 in Polearms
  6632 | D:8      | Reached skill level 1 in Staves
  6659 | D:8      | Found a shimmering blue altar of Sif Muna.
  6676 | D:8      | XOM: medium Chrm miscast
  6825 | D:8      | XOM: enchant monster (bad)
  6835 | D:8      | XOM: cast spell 'Monstrous Menagerie'
  7008 | D:8      | XOM: summons 4 friendly demons
  7075 | D:8      | XOM: divination: detect items
  7093 | D:8      | XOM: chaos upgrade
  7121 | D:8      | XOM: fake destruction
  7126 | D:8      | Reached skill level 11 in Fighting
  7138 | D:8      | XOM: 1-stop teleportation journey
  7182 | D:8      | Noticed Psyche
  7190 | D:8      | Paralysed by Psyche for 3 turns
  7196 | D:8      | Killed Psyche
  7196 | D:8      | Reached XP level 11. HP: 88/93 MP: 5/13
  7627 | D:8      | Noticed a deep elf mage
  7627 | D:8      | Noticed a purple ugly thing
  7632 | D:8      | XOM: summons 7 friendly demons
  7636 | D:8      | Killed a purple ugly thing
  7646 | D:8      | Killed a deep elf mage
  7649 | D:8      | Noticed a tengu warrior
  7670 | D:8      | Killed a tengu warrior
  7698 | D:8      | Identified the Reference Book on the Escort and the
                  | Mountains
  7699 | D:8      | Got a pair of steaming boots
  7710 | D:8      | Identified the +0 pair of boots of Puxyekk {Dex+3 Slay+5}
                  | (You found it on level 8 of the Dungeon)
  7868 | D:9      | Cast into level 3 of the Abyss (a distortion unwield)
  7868 | Abyss:3  | Found a corrupted altar of Lugonu.
  7932 | Abyss:3  | Noticed a tentacled starspawn
  7937 | Abyss:3  | Noticed a tentacled starspawn
  7937 | Abyss:3  | XOM: summons 4 friendly demons
  7962 | Abyss:3  | XOM: scenery: create altars
  7963 | Abyss:3  | Noticed a daeva
  7967 | Abyss:3  | Noticed a wretched star
  7967 | Abyss:3  | Noticed a thrashing horror
  7968 | Abyss:3  | Noticed a thrashing horror
  7975 | Abyss:3  | XOM: scenery: create altars
  7980 | Abyss:3  | Found a corrupted altar of Lugonu.
  8028 | Abyss:3  | Noticed a sun demon
  8038 | Abyss:3  | Noticed a wretched star
  8054 | Abyss:3  | XOM: god gift: ring mail {god gift}
  8091 | D:9      | Escaped the Abyss
  8280 | D:9      | Found Vioteuso's Jewellery Emporium.
  8440 | D:9      | You fall into a shaft and drop 3 floors!
  8521 | D:11     | Noticed a cyclops
  8601 | D:12     | XOM: cloud trail
  8808 | D:12     | Noticed a two-headed ogre
  8812 | D:12     | Killed a two-headed ogre
  8812 | D:12     | Reached skill level 5 in Evocations
  8883 | D:11     | Noticed a two-headed ogre
  8889 | D:11     | XOM: potion effect (berserk rage)
  8890 | D:11     | Killed a two-headed ogre
  8890 | D:11     | Reached skill level 10 in Dodging
  8952 | D:11     | XOM: harmless Tmut miscast
  8956 | D:11     | XOM: potion effect (brilliance)
  9162 | D:11     | Got a distressingly furry ring mail
  9173 | D:11     | Identified the +1 ring mail of Sunlight {rElec rF+ Dex-3
                  | SInv} (You found it on level 11 of the Dungeon)
  9185 | D:10     | Entered Level 10 of the Dungeon
  9185 | D:10     | Noticed a manticore
  9187 | D:10     | XOM: potion effect (brilliance)
  9200 | D:10     | Killed a manticore
  9539 | D:9      | Found the +5 scythe "Finisher" {speed, eviscerate}
  9601 | D:9      | XOM: potion effect (magic)
  9602 | D:9      | XOM: harmless Fire miscast
  9643 | D:9      | XOM: enchant monster (good)
  9702 | D:9      | Found a staircase to the Lair.
  9766 | D:9      | Learned a level 3 spell: Spectral Weapon
  9790 | D:10     | Found Gizaklas's Assorted Antiques.
  9835 | D:10     | XOM: potion effect (magic)
  9866 | D:10     | Reached skill level 1 in Charms
  9969 | D:10     | Reached XP level 12. HP: 102/102 MP: 17/17
 10007 | D:10     | Reached skill level 12 in Fighting
 10866 | D:12     | XOM: potion effect (brilliance)
 10933 | D:12     | XOM: enchant monster (bad)
 10939 | D:12     | XOM: enchant monster (good)
 10984 | D:12     | Reached skill level 1 in Hexes
 10999 | D:12     | XOM: cloud trail
 11114 | D:12     | XOM: scenery: create altars
 11142 | D:12     | Learned a level 3 spell: Regeneration
 11144 | D:12     | Found a staircase to the Orcish Mines.
 11272 | D:12     | XOM: harmless Air miscast
 11346 | D:13     | XOM: mild Ice miscast
 11347 | D:13     | XOM: harmless Erth miscast
 11400 | D:13     | XOM: silly message
 11593 | D:12     | XOM: medium Chrm miscast
 11602 | D:13     | XOM: confuse monster(s)
 11630 | D:13     | Noticed a two-headed ogre
 11630 | D:13     | XOM: summons 2 friendly demons
 11633 | D:13     | Killed a two-headed ogre
 11721 | D:13     | XOM: cleaving
 11798 | D:13     | XOM: 3-stop teleportation journey
 12027 | D:13     | XOM: 10-stop teleportation journey
 12063 | D:13     | XOM: summons 4 friendly demons
 12067 | D:13     | XOM: confuse monster(s)
 12096 | D:13     | Noticed a two-headed ogre
 12103 | D:13     | XOM: harmless Tloc miscast
 12105 | D:13     | Killed a two-headed ogre
 12235 | D:13     | XOM: scenery: create altars
 12242 | D:13     | Got an ichor-stained long sword
 12243 | D:13     | Identified the cursed +0 long sword "Cikhlol" {slice, *Slow
                  | rElec Dex-5 SInv} (You found it on level 13 of the Dungeon)
 12330 | D:13     | XOM: summons 12 friendly demons
 12516 | D:13     | XOM: harmless Tloc miscast
 12599 | D:13     | Noticed a tengu warrior
 12599 | D:13     | XOM: chaos cloud
 12613 | D:13     | Killed a tengu warrior
 12613 | D:13     | Reached XP level 13. HP: 50/109 MP: 13/19
 12854 | D:14     | XOM: medium Tmut miscast
 12968 | Lair:1   | Entered Level 1 of the Lair of Beasts
 12997 | Lair:1   | Reached skill level 13 in Fighting
 12997 | Lair:1   | Reached skill level 5 in Charms
 13014 | Lair:1   | XOM: summons friendly crimson imp
 13256 | Lair:1   | XOM: noise
 13451 | Lair:1   | Got a pitted leather armour
 13462 | Lair:1   | Identified the +1 leather armour of the Equinox {MR++
                  | Stlth+} (You found it on level 1 of the Lair of Beasts)
 13508 | Lair:1   | XOM: scenery: 1 doors open
 13771 | Lair:1   | XOM: cloud trail
 13820 | Lair:2   | Reached skill level 1 in Spellcasting
 14029 | Lair:2   | XOM: smoke on damage
 14047 | Lair:2   | XOM: smoke on damage
 14144 | Lair:2   | XOM: harmless Fire miscast
 14199 | Lair:2   | Found a staircase to the Snake Pit.
 14239 | Lair:2   | You fall into a shaft and drop 2 floors!
 14428 | Lair:3   | Reached skill level 5 in Armour
 14515 | Lair:3   | XOM: polymorph elephant -> shock serpent
 14522 | Lair:3   | XOM: enchant monster (good)
 14943 | Lair:3   | Found a staircase to the Swamp.
 15309 | Lair:3   | XOM: noise
 15534 | Lair:4   | XOM: harmless Summ miscast
 15668 | Lair:4   | XOM: polymorph basilisk -> golden eye
 15986 | Lair:5   | Reached XP level 14. HP: 96/118 MP: 14/21
 16022 | Lair:5   | Found a staircase to the Slime Pits.
 16084 | Lair:5   | Reached skill level 10 in Evocations
 16233 | Lair:5   | Noticed an entropy weaver
 16234 | Lair:5   | XOM: divination: detect items
 16235 | Lair:5   | Noticed an entropy weaver
 16242 | Lair:5   | XOM: summons 12 friendly demons
 16244 | Lair:5   | XOM: polymorph soldier ant -> eye of draining
 16251 | Lair:5   | Killed an entropy weaver
 16261 | Lair:5   | Killed an entropy weaver
 16657 | Lair:5   | XOM: scenery: create altars
 16718 | Lair:5   | Found a viscous altar of Jiyva.
 16736 | Lair:5   | XOM: cloud trail
 16837 | Lair:6   | XOM: noise
 16837 | Lair:6   | Entered Level 6 of the Lair of Beasts
 17140 | Lair:6   | XOM: confuse monster(s)
 17164 | Lair:6   | Reached skill level 14 in Fighting
 17210 | Lair:6   | Identified the Handbook of the Doomed Arsonist
 17224 | Lair:6   | Got a heavily runed bronze ring
 17226 | Lair:6   | Identified the ring "Kecwusk" {*Tele Int+4} (You found it
                  | on level 6 of the Lair of Beasts)
 17366 | Lair:6   | XOM: harmless Chrm miscast
 17374 | Lair:6   | Found a runed translucent gate.
 17374 | Lair:6   | Found a runed translucent gate.
 17374 | Lair:6   | Found a runed translucent gate.
 17376 | Lair:6   | Noticed Peloso's ghost (journeyman MiFi)
 17376 | Lair:6   | Noticed kuniqs's ghost (journeyman DEWz)
 17627 | Lair:6   | XOM: mild Tloc miscast
 17720 | Lair:6   | XOM: summons 7 hostile demons
 17736 | Lair:6   | XOM: enchant monster (bad)
 17737 | Lair:6   | Killed Peloso's ghost
 17915 | Lair:6   | Killed kuniqs's ghost
 18061 | Swamp:1  | Entered Level 1 of the Swamp
 18062 | Swamp:1  | XOM: summons 11 friendly demons
 18065 | Swamp:1  | XOM: fog
 18067 | Swamp:1  | XOM: summons 9 friendly demons
 18071 | Swamp:1  | XOM: divination: magic mapping
 18101 | Lair:3   | Mangled by a tyrant leech

Levels and vault maps discovered:
D:1:      scummos_arrival_simple_fountains, layout_basic,
          grunt_decor_one_mirror, skrybe_limestone_x,
          hangedman_decor_peaks_small, minmay_indecisive_spiral
D:2:      layout_loops_ring, wad_orctagon
D:3:      layout_basic, first_ration, chequers_ecumenical_altar_lobes,
          uniq_terence
D:4:      layout_basic, chequers_temple_overflow_minitemple, temple_fountains,
          kennysheep_generic_room_4, uniq_sigmund, uniq_robin
D:5:      layout_loops_corners, serial_shops, shop, st_stairs_10,
          fedhas_altar_fruit_tree
D:6:      layout_cave_pools, grunt_temple_overflow_champion_of_chaos,
          marbit_many_paths, serial_undead, serial_undead_c, serial_undead_f,
          serial_undead_b, serial_undead_c, serial_undead_c,
          cheibrodos_sewer_entry_sluice
D:7:      layout_rooms, serial_shops, shop, grunt_livestock,
          minmay_a_box_with_orc_wizards_in_it, uniq_harold,
          uniq_crazy_yiuf_cottage
D:8:      minmay_the_grid_octo_2x2 [minmay_the_grid_octo_tetromino_candy,
          minmay_the_grid_octo_vomiting_pacman, minmay_the_grid_octo_toaster,
          minmay_the_grid_octo_prize_square_snowflake], layout_loops_cross,
          basic_altar, kennysheep_generic_room_2, uniq_erica, uniq_psyche
D:9:      layout_roguey, lair_entry_dummy, serial_shops, shop,
          minmay_guarded_unrand_finisher
D:10:     layout_cave_pools, serial_shops, nicolae_shop_crystal
D:11:     layout_long_grid
D:12:     layout_roguey, zombieorc2_lemuel
D:13:     layout_basic, grunt_decor_cap
D:14:     layout_irregular_city, grunt_vaults_entry_tiered,
          portal_ice_cave_entry_ice_beasts, grunt_dithmenos_smoke, basic_altar,
          serial_shops, shop_statue, lemuel_mausoleum_altar_kikubaaqudgha
Lair:1:   layout_roguey, minmay_stone_trees_medium, grunt_megastairs_5,
          minmay_lair_oklob_chamber
Lair:2:   layout_long_grid, dummy_snake_entry, serial_bayou_shore_b,
          serial_bayou_shore_b, grunt_megastairs_2
Lair:3:   layout_gridlike, swamp_mist, chequers_serial_rivers_marsh,
          infiniplex_staircase_pool
Lair:4:   layout_regular_city, kennysheep_basilisk_garden
Lair:5:   layout_big_grid, slime_altar_1, minmay_another_anthill,
          lemuel_fruit_fields
Lair:6:   gammafunk_lair_ancient_temple, layout_gridlike,
          gammafunk_ghost_cemetery
Swamp:1:  layout_basic_swamp, hangedman_swamp_ruin_wall

Skill      XL: |  1  2  3  4  5  6  7  8  9 10 11 12 13 14 |
---------------+-------------------------------------------+-----
Dodging        | 3 4 5 6 8 9 10 11 13 | 13.0
Armour         | 1 2 3 4 5 7 |  7.7
Fighting       | 4 5 6 7 10 11 12 13 14 | 14.2
Polearms       | 5 6 7 9 10 12 13 | 13.6
Throwing       | 1 2 4 5 |  5.0
Evocations     | 3 6 8 9 11 | 11.6
Staves         | 2 |  2.8
Charms         | 1 4 6 |  6.0
Hexes          | 2 |  2.0
Spellcasting   | 2 |  2.0

Action                   |  1- 3 |  4- 6 |  7- 9 | 10-12 | 13-15 || total
-------------------------+-------+-------+-------+-------+-------++-------
Melee: Spear             |   143 |   167 |   491 |    60 |       ||   861
       Tailslap          |       |       |     2 |       |    12 ||    14
       Staff             |       |       |       |   343 |   329 ||   672
       Scythe            |       |       |       |    91 |    95 ||   186
Throw: Stone             |     1 |       |     5 |       |       ||     6
       Dart              |       |     5 |    12 |     3 |       ||    20
       Boomerang         |       |       |    12 |    27 |    45 ||    84
       Throwing net      |       |       |       |     1 |       ||     1
 Cast: Shroud of Golubri |       |       |       |     1 |     3 ||     4
       Spectral Weapon   |       |       |       |     5 |     5 ||    10
       Regeneration      |       |       |       |     1 |     2 ||     3
Evoke: Staff of Olgreb   |       |       |       |   104 |   111 ||   215
  Use: Potion            |       |     2 |       |     3 |     1 ||     6
       Scroll            |       |       |     7 |     6 |    19 ||    32
 Stab: Sleeping          |     4 |     1 |     5 |     1 |       ||    11
       Confused          |     1 |     2 |     3 |     1 |     1 ||     8
       Petrified         |       |     3 |     3 |       |       ||     6
       Petrifying        |       |     3 |     2 |       |       ||     5
       Paralysed         |       |       |    10 |     3 |       ||    13
       Distracted        |       |       |     1 |     1 |     1 ||     3
  Eat: Chunk             |     1 |     3 |    13 |    30 |    24 ||    71
Armor: Leather armour    |    41 |    37 |    48 |    61 |       ||   187
       Skin              |       |     8 |       |       |       ||     8
       Robe              |       |       |     7 |       |       ||     7
       Ring mail         |       |       |       |    67 |   124 ||   191
Dodge: Dodged            |    67 |    66 |   189 |   361 |   437 ||  1120
Block: Buckler           |       |       |     4 |    30 |       ||    34
